 Dungeon Crawl Stone Soup version 0.29.1-13-g9f3cf754e1 (webtiles) character file.

Game seed: 13415905885741047235

9894 BeingJoeMalik the Spear-Bearer (level 11, -4/73 HPs)
             Began as a Tengu Gladiator on Feb 10, 2023.
             Was a High Priest of Okawaru.
             Constricted to death by Jorgrun (14 damage)
             ... on level 1 of the Orcish Mines.
             The game lasted 00:33:52 (15741 turns).

BeingJoeMalik the Spear-Bearer (Tengu Gladiator)   Turns: 15741, Time: 00:33:54

Health: -4/73      AC: 11    Str: 14    XL:     11   Next: 53%
Magic:  12/12      EV: 12    Int: 10    God:    Okawaru [*****.]
Gold:   321        SH: 12    Dex: 19    Spells: 10/10 levels left

rFire   . . .      SeeInvis .   q - +2 spear (freeze)
rCold   . . .      Faith    .   l - +1 buckler
rNeg    . . .      Spirit   .   x - +1 swamp dragon scales
rPois   +          Reflect  +   c - +0 hat
rElec   .          Harm     .   D - +0 cloak
rCorr   .          Rampage  .   F - +0 pair of gloves
Will    .....                   (boots unavailable)
Stlth   +.........              v - amulet of reflection
HPRegen 0.22/turn               i - ring of wizardry
MPRegen 0.13/turn               (no ring)

@: grasped by roots, flying quickly and evasively, constricted, quick
A: beak, talons 3, nimble flight
a: Renounce Religion, Heroism, Finesse, Duel


You were on level 1 of the Orcish Mines.
You worshipped Okawaru.
Okawaru was extremely pleased with you.
You visited 3 branches of the dungeon, and saw 11 of its levels.

You collected 850 gold pieces.
You spent 529 gold pieces at shops.

Inventory:

Hand Weapons
 a - a +1 trident
 f - the +10 morningstar "Pek Reer" {vorpal, Dex+3}
   (You took it off a wight on level 6 of the Dungeon)

   It inflicts extra damage upon your enemies.
   Dex:       It affects your dexterity (+3).
 q - a +2 spear of freezing (weapon)
Missiles
 e - a javelin
 m - 23 poisoned darts (quivered)
 w - a curare-tipped dart
 z - a silver javelin
Armour
 c - a +0 hat (worn)
 l - a +1 buckler (worn)
 o - a +0 leather armour of cold resistance
 s - a +4 scale mail of fire resistance
 x - +1 swamp dragon scales (worn)
 D - a +0 cloak (worn)
 F - a +0 pair of gloves (worn)
Magical Staves
 g - a staff of death
Jewellery
 i - a ring of wizardry (left hand)
 v - an amulet of reflection (around neck)
Wands
 t - a wand of flame (28)
Scrolls
 b - 2 scrolls of teleportation
 d - a scroll of silence
 h - 9 scrolls of identify
 j - 4 scrolls of immolation
 k - 3 scrolls of poison
 n - 3 scrolls of magic mapping
 r - a scroll of enchant weapon
 y - 2 scrolls of fear
 A - 2 scrolls of amnesia
 B - a scroll of enchant armour
Potions
 p - 2 potions of mutation
 u - a potion of resistance
 C - 2 potions of heal wounds
 E - a potion of curing


   Skills:
 * Level 10.7 Fighting
 - Level 14.1 Polearms
 - Level 2.0 Throwing
 + Level 3.5 Armour
 + Level 4.3 Dodging
 + Level 5.0 Shields


You had 10 spell levels left.
You didn't know any spells.
Your spell library contained the following spells:

 Spells                   Type           Power      Damage    Failure   Level
 Magic Dart               Conj           0%         1d3       34%         1
 Shock                    Conj/Air       0%         1d3       34%         1
 Searing Ray              Conj           0%         2d4       47%         2
 Gell's Gravitas          Tloc           0%         N/A       71%         3
 Inner Flame              Hex/Fire       0%         N/A       71%         3
 Lesser Beckoning         Tloc           0%         N/A       71%         3
 Mephitic Cloud           Conj/Pois/Air  0%         N/A       71%         3
 Teleport Other           Tloc           0%         N/A       71%         3
 Cause Fear               Hex            0%         N/A       97%         4
 Fireball                 Conj/Fire      0%         3d3       100%        5
 Conjure Ball Lightning   Conj/Air       0%         3x3d6     100%        6
 Starburst                Conj/Fire      0%         6d3       100%        6
 Discord                  Hex            0%         N/A       100%        8
 Call Imp                 Summ           Unusable   N/A       N/A         2

Dungeon Overview and Level Annotations

Branches:
Dungeon (9/15)             Temple (1/1) D:4            Lair (0/5) D:9
    Orc (1/2) D:9

Altars:
Ashenzari
Dithmenos
Elyvilon
Fedhas
Gozag
Hepliaklqana
Kikubaaqudgha
Makhleb
Nemelex Xobeh
Okawaru
Ru
Sif Muna
Trog
Uskayaw
Vehumet
Wu Jian
Xom
Yredelemnul
Zin
The Shining One

Shops:
D:1 [   D:6 [   D:8 [

Annotations:
D:9 3 runed translucent doors, rakiston's ghost, novice DgIE
Orc:1 Jorgrun


Innate Abilities, Weirdness & Mutations

You have a beak for a mouth.
You have claws for feet.
Your magical nature lets you fly swiftly and evasively.


Message History

You hit the warg. You freeze the warg. Your kick misses the warg.
Your peck misses the warg.
The warg is heavily wounded.
You block the warg's attack.
You hit the warg. You freeze the warg. You claw the warg. You peck the warg.
The warg is severely wounded.
You closely miss the warg.
The warg is severely wounded.
You block the warg's attack.
You hit the warg. You freeze the warg. Your kick misses the warg.
You peck the warg.
The warg is almost dead.
The warg barely misses you.
You hit the warg. You freeze the warg.
You kill the warg!
Okawaru accepts your kill.
Your Shields skill increases to level 5!
You now have 321 gold pieces (gained 27).
Jorgrun Earthshaker comes into view.
He is wielding a +0 vorpal quarterstaff and wearing a +2 robe of the Archmagi.
Jorgrun shouts!
You hear a grinding noise.
You hear a grinding noise.
You start waiting.
Some rock shatters into small pieces.
You reach to attack!
You hit Jorgrun but do no damage.
You reach to attack!
You hit Jorgrun but do no damage.
Jorgrun points at you and mumbles some strange words.
Roots burst forth from the earth!
The grasping roots grab you! The grasping roots constrict you!
You reach to attack!
You hit Jorgrun. You freeze Jorgrun.
Jorgrun is lightly wounded.
You reach to attack!
You barely miss Jorgrun.
Jorgrun is lightly wounded.
Jorgrun casts a spell at you. The iron shot hits you!!!
Ouch! That really hurt!
* * * LOW HITPOINT WARNING * * *
The grasping roots constrict you!
You die...

.. #.#........... ..
.............
.#.............
##..............
#............... ###
...#...........
####.##g..........#...
##.#.....#.#..#....###.
#.....@.#..#........#..
##.##..#.............#.
###.........##........
#..#.##....#....#...#
#..####....###..###...
#.## #...## #### ##.#
## ##.## ### ###


You could see Jorgrun.

Vanquished Creatures
  4 death yaks (D:9)
  A cyclops (D:8)
  Joseph (D:9)
  Psyche (D:9)
  Maggie (D:7)
  3 trolls
  A hornet (D:8)
  A shadow (D:9)
  Sigmund (D:4)
  A wyvern (D:8)
  7 yaks
  Edmund (D:4)
  2 wargs
  An acid dragon (D:9)
  An ice beast (D:5)
  6 orc warriors
  2 sky beasts
  An ogre (D:5)
  2 black bears
  A centaur (D:6)
  2 kobold brigands
  3 bullfrogs
  3 necrophages
  3 gnoll sergeants
  4 scorpions
  13 wights
  2 howler monkeys
  A hound (D:6)
  3 orc priests
  A jelly (D:6)
  2 iguanas
  4 orc wizards
  Robin (D:3)
  9 adders
  23 gnolls
  3 shadow imps
  2 white imps
  An ufetubus (D:6)
  A worm (D:4)
  3 dart slugs
  17 orcs
  3 bats
  5 endoplasms
  7 giant cockroaches
  17 goblins
  12 hobgoblins
  5 quokkas
  9 ball pythons
  3 frilled lizards
  17 kobolds
  9 rats
227 creatures vanquished.

Vanquished Creatures (others)
  4 plants
4 creatures vanquished.

Grand Total: 231 creatures vanquished

Notes
Turn   | Place    | Note
-------+----------+-------------------------------------------
     0 | D:1      | BeingJoeMalik the Tengu Gladiator began the quest for the
                  | Orb.
     0 | D:1      | Reached XP level 1. HP: 12/12 MP: 2/2
   137 | D:1      | Reached XP level 2. HP: 17/17 MP: 3/3
   139 | D:1      | Found Juseu's Armour Shop.
   145 | D:1      | Reached skill level 4 in Polearms
   267 | D:1      | Found a faded altar of an unknown god.
   880 | D:2      | Got the Directory of the Injurious Arsonist
   892 | D:2      | Reached XP level 3. HP: 21/21 MP: 4/4
  1192 | D:2      | Reached skill level 1 in Shields
  1214 | D:2      | Reached skill level 5 in Polearms
  1214 | D:2      | Reached XP level 4. HP: 20/26 MP: 5/5
  2098 | D:3      | Noticed a black bear
  2111 | D:3      | Killed a black bear
  2112 | D:3      | Reached skill level 6 in Polearms
  2112 | D:3      | Gained mutation: Your magical nature lets you fly swiftly
                  | and evasively. [Tengu growth]
  2112 | D:3      | Reached XP level 5. HP: 15/30 MP: 6/6
  2579 | D:3      | Noticed Robin
  2609 | D:3      | Killed Robin
  2872 | D:3      | Found a burning altar of Makhleb.
  3060 | D:4      | Reached XP level 6. HP: 31/35 MP: 7/7
  3342 | D:4      | Found a staircase to the Ecumenical Temple.
  3350 | Temple   | Entered the Ecumenical Temple
  3479 | Temple   | Became a worshipper of Warmaster Okawaru
  3757 | D:4      | Reached skill level 7 in Polearms
  3874 | D:4      | Noticed Sigmund
  3886 | D:4      | Killed Sigmund
  3886 | D:4      | Reached * piety under Okawaru
  3887 | D:4      | Reached XP level 7. HP: 40/40 MP: 8/8
  3906 | D:4      | Noticed Edmund
  3930 | D:4      | Killed Edmund
  3931 | D:4      | Reached skill level 8 in Polearms
  4175 | D:4      | Found a glowing silver altar of Zin.
  4175 | D:4      | Noticed an angel
  4314 | D:5      | Entered Level 5 of the Dungeon
  4649 | D:5      | Reached XP level 8. HP: 44/44 MP: 9/9
  4697 | D:5      | Noticed a yak
  4697 | D:5      | Noticed a yak
  4697 | D:5      | Noticed a yak
  4697 | D:5      | Noticed a yak
  5026 | D:6      | Found a basalt altar of Yredelemnul.
  5112 | D:6      | Reached ** piety under Okawaru
  5113 | D:6      | Reached skill level 9 in Polearms
  6295 | D:6      | Reached skill level 10 in Polearms
  6506 | D:6      | Identified the +10 morningstar "Pek Reer" {vorpal, Dex+3}
  6636 | D:6      | Reached *** piety under Okawaru
  6637 | D:6      | Reached skill level 1 in Armour
  6668 | D:6      | Reached XP level 9. HP: 16/52 MP: 10/10
  6964 | D:6      | Found Visakhla's Antique Armour Emporium.
  7486 | D:5      | Reached skill level 11 in Polearms
  7694 | D:6      | Reached skill level 5 in Fighting
  7825 | D:6      | HP: 1/81 [yak (10)]
  8610 | D:5      | Reached **** piety under Okawaru
 10562 | D:7      | Reached skill level 12 in Polearms
 10583 | D:7      | Reached XP level 10. HP: 61/61 MP: 11/11
 10831 | D:1      | Bought a +4 scale mail of fire resistance for 372 gold
                  | pieces
 11114 | D:7      | Noticed Maggie
 11152 | D:7      | Killed Maggie
 11152 | D:7      | Reached ***** piety under Okawaru
 11152 | D:7      | Received a gift from Okawaru
 11351 | D:8      | Noticed a cyclops
 11382 | D:8      | Killed a cyclops
 12257 | D:8      | Found Ojekaf's Antique Armour Shoppe.
 12265 | D:8      | Bought a cloak for 103 gold pieces
 12352 | D:9      | Noticed Psyche
 12378 | D:9      | Killed Psyche
 12619 | D:9      | Found a staircase to the Orcish Mines.
 12620 | D:9      | Noticed a death yak
 12622 | D:9      | Found a staircase to the Lair.
 12622 | D:9      | Noticed a death yak
 12622 | D:9      | Noticed a death yak
 12622 | D:9      | Noticed a death yak
 12673 | D:9      | Killed a death yak
 12673 | D:9      | Received a gift from Okawaru
 12674 | D:9      | Reached skill level 13 in Polearms
 13114 | D:9      | Found a shadowy altar of Dithmenos.
 13837 | D:9      | Noticed Joseph
 13851 | D:9      | Killed Joseph
 13852 | D:9      | Reached XP level 11. HP: 66/71 MP: 12/12
 14065 | D:9      | Found a runed translucent gate.
 14065 | D:9      | Found a runed translucent gate.
 14065 | D:9      | Found a runed translucent gate.
 14066 | D:9      | Noticed a nine-headed hydra
 14066 | D:9      | Noticed a ten-headed hydra
 14066 | D:9      | Noticed rakiston's ghost (novice DgIE)
 14207 | D:9      | Killed a death yak
 14208 | D:9      | Reached skill level 10 in Fighting
 14226 | D:9      | Killed a death yak
 14227 | D:9      | Reached skill level 14 in Polearms
 14238 | D:9      | Killed a death yak
 14936 | D:1      | Bought a +0 pair of gloves for 54 gold pieces
 15162 | Orc:1    | Entered Level 1 of the Orcish Mines
 15706 | Orc:1    | Reached skill level 5 in Shields
 15727 | Orc:1    | Noticed Jorgrun
 15741 | Orc:1    | Constricted to death by Jorgrun

Illustrated notes

Levels and vault maps discovered:
D:1:      noname_arrival_rooms_in_the_neighbourhood, layout_basic,
          chequers_ecumenical_altar_simple, serial_shops, nicolae_shop_crystal
D:2:      layout_loops_cross, st_stairs_13, minivault_11, minmay_bisected
D:3:      layout_loops_corners, lightli_temple_of_fire, uniq_robin
D:4:      layout_cave_pools, zin_angel, minmay_temple_entry_glassed_door,
          sigmund_edmund_badplayer, uniq_edmund
D:5:      layout_basic, kennysheep_donut
D:6:      layout_basic, nicolae_overflow_crystal_walls, serial_shops,
          kennysheep_mini_moat
D:7:      layout_rooms, kennysheep_generic_room_4, uniq_maggie
D:8:      layout_gridville, serial_shops, nicolae_lakefront_shop,
          minmay_sticks_and_stones
D:9:      layout_basic, grunt_dithmenos_shadows, dpeg_lair_monsters,
          orc_0_dummy, gammafunk_ghost_hydra_chop,
          amcnicky_mini_corridor_feature, uniq_joseph, uniq_psyche
Temple:   nicolae_temple_elliptical
Orc:1:    layout_caves, uniq_jorgrun

Skill      XL: |  1  2  3  4  5  6  7  8  9 10 11 |
---------------+----------------------------------+-----
Polearms       | 4 5 6 7 8 10 12 13 14 | 14.1
Shields        | 1 2 3 4 5 |  5.0
Fighting       | 3 6 9 10 | 10.7
Armour         | 1 3 |  3.5
Dodging        | 4 |  4.3
Throwing       | |  2.0

Action                   |  1- 3 |  4- 6 |  7- 9 | 10-12 || total
-------------------------+-------+-------+-------+-------++-------
Melee: Trident           |    85 |   143 |   314 |       ||   542
       Kick              |    12 |    29 |   107 |   155 ||   303
       Peck              |    10 |    20 |    68 |   104 ||   202
       Spear             |       |       |   165 |   420 ||   585
Throw: Dart              |       |    12 |    14 |    18 ||    44
       Throwing net      |       |     3 |     3 |       ||     6
       Javelin           |       |       |     1 |       ||     1
Invok: Heroism           |       |       |       |     4 ||     4
  Use: Scroll            |       |     9 |     9 |     3 ||    21
       Potion            |       |       |     5 |       ||     5
 Stab: Sleeping          |     2 |     2 |       |       ||     4
       Held in net/web   |       |       |     2 |       ||     2
       Distracted        |       |       |     1 |       ||     1
       Invisible         |       |       |     1 |       ||     1
Armor: Leather armour    |     9 |     9 |    18 |       ||    36
       Skin              |       |       |     6 |       ||     6
       Swamp dragon scal |       |       |       |    30 ||    30
Dodge: Dodged            |    34 |    41 |   135 |    73 ||   283
Block: Buckler           |       |    44 |   157 |   106 ||   307
       Reflection        |       |       |     5 |     5 ||    10
